 Dungeon Crawl Stone Soup version 0.30-b1-2-g02819fbbbe (webtiles) character file.

Game seed: 12307374134255907336

408 marcio the Shooter (level 6, 48/52 HPs)
             Began as a Minotaur Hunter on Dec 13, 2023.
             Quit the game on level 4 of the Dungeon on Dec 26, 2023.
             The game lasted 00:07:21 (3279 turns).

marcio the Shooter (Minotaur Hunter)                Turns: 3279, Time: 00:07:22

Health: 48/52      AC: 10    Str: 21    XL:     6   Next: 57%
Magic:  5/5        EV: 11    Int:  6    God:
Gold:   218        SH:  5    Dex: 16    Spells: 5/5 levels left

rFire   + . .        a - +0 shortbow
rCold   x . .        (shield currently unavailable)
rNeg    . . .        r - +3 scale mail
rPois   .            (helmet restricted)
rElec   .            (no cloak)
rCorr   .            v - +0 pair of gloves
SInv    .            (no boots)
Will    .....        f - amulet of reflection Stlth
                     n - +6 ring of strength
HPRegen 0.28/turn    p - ring of fire
MPRegen 0.09/turn

%: reflection
@: no status effects
A: horns 2, retaliatory headbutt
a: no special abilities


You were on level 4 of the Dungeon.
You visited 1 branch of the dungeon, and saw 5 of its levels.

You collected 218 gold pieces.

Inventory:

Hand Weapons
 a - a +0 shortbow (weapon)
Armour
 c - a +0 leather armour
 r - a +3 scale mail (worn)
 v - a +0 pair of gloves (worn)
 x - a +0 ring mail of willpower
Jewellery
 f - an amulet of reflection (around neck)
 n - a +6 ring of strength (left hand)
 p - a ring of fire (right hand)
Wands
 m - a wand of digging (9)
Scrolls
 b - 2 scrolls of immolation
 e - 3 scrolls of blinking {unknown}
 h - 2 scrolls of fog {unknown}
 i - 8 scrolls of identify {unknown}
 l - a scroll of fear {unknown}
 o - a scroll of teleportation {unknown}
 q - a scroll of silence {unknown}
 u - 3 scrolls of enchant weapon {unknown}
 w - 2 scrolls of noise {unknown}
Potions
 d - 2 potions of degeneration {unknown}
 g - 2 potions of lignification {unknown}
 j - a potion of resistance {unknown}
 k - 2 potions of curing {unknown}
 s - a potion of might {unknown}
 t - 3 potions of ambrosia {unknown}


   Skills:
 + Level 4.0 Fighting
 + Level 7.4 Ranged Weapons
 + Level 3.0 Armour
 + Level 2.6 Dodging
 - Level 0.8 Stealth


You had 5 spell levels left.
You didn't know any spells.
Your spell library contained the following spells:

 Spells                   Type           Power      Damage    Failure   Level
 Shock                    Conj/Air       0%         1d3       80%         1
 Poisonous Vapours        Pois/Air       0%         N/A       90%         2
 Static Discharge         Conj/Air       0%         2-2/arc   90%         2
 Sublimation of Blood     Necr           0%         N/A       90%         2
 Dazzling Flash           Conj/Hex       0%         N/A       99%         3
 Gell's Gravitas          Tloc           0%         N/A       99%         3
 Teleport Other           Tloc           0%         N/A       99%         3
 Volatile Blastmotes      Fire/Tloc      0%         2d10      99%         3
 Iskenderun's Mystic Bla  Conj/Tloc      0%         2d3       100%        4
 Petrify                  Tmut/Erth      0%         N/A       100%        4
 Summon Lightning Spire   Summ/Air       0%         N/A       100%        4
 Irradiate                Conj/Tmut      0%         3d11      100%        5
 Dispersal                Tloc           0%         N/A       100%        6
 Starburst                Conj/Fire      0%         6d3       100%        6
 Chain Lightning          Conj/Air       0%         N/A       100%        9


Dungeon Overview and Level Annotations

Branches:
Dungeon (5/15)
 Temple: D:4-7

Altars:

Annotations:
D:4 1 transporter


Innate Abilities, Weirdness & Mutations

You have a pair of horns on your head.
You reflexively headbutt those who attack you in melee.


Message History

The arrow hits the iguana but does no damage.
The iguana is lightly wounded.
The iguana bites you but does no damage.
The iguana closely misses you.
Fire: a) +0 shortbow
Press: ? - help, Q - select action Shift-Dir - straight line, f/p - iguana
Aim: an iguana (lightly wounded, 68% to hit)
You shoot an arrow.
The arrow hits the iguana but does no damage.
The iguana is lightly wounded.
The iguana bites you.
Fire: a) +0 shortbow
Press: ? - help, Q - select action Shift-Dir - straight line, f/p - iguana
Aim: an iguana (lightly wounded, 68% to hit)
You shoot an arrow. The arrow hits the iguana.
The iguana is heavily wounded.
The iguana bites you but does no damage.
You shoot an arrow. The arrow closely misses the iguana.
You block the iguana's attack.
You shoot an arrow. The arrow hits the iguana.
The iguana is almost dead.
You block the iguana's attack. The iguana closely misses you.
You shoot an arrow.
The arrow hits the iguana but does no damage.
The iguana is almost dead.
The iguana barely misses you. You furiously retaliate!
You headbutt the iguana.
You kill the iguana!
Your Fighting skill increases to level 4!
No target in view!
No target in view!
No target in view!
Things that are here:
a +0 dagger; a stone; a kobold corpse Unknown command.
Saving game... please wait.
Level annotation: 1 transporter Welcome back, marcio the Minotaur Hunter.
Press ? for a list of commands and other information.
Okay, then.
Are you sure you want to abandon this character and quit the game? (Confirm with "yes".)

..# #...#.# .......# ..#
#...#)# #......... ..#
#...#.####.......###
.######.............##.#
........#.#.........#
.##
.######.#.#.........##
.. ........#
#.##.......#...
........# #...........
#.......# ####..@....#
#.......#..........###
#.......#########(.##
#........# #...###
######...# ##.#...#
#...# #....#.# #####...#
#....#..# #.......#
#####....# ..?
.#.##....# #.......## ..


There were no monsters in sight!

Vanquished Creatures
  A black bear (D:4)
  A howler monkey (D:4)
  2 orc priests
  Terence (D:2)
  An iguana (D:4)
  An orc wizard (D:2)
  Robin (D:3)
  4 adders
  3 gnolls (D:4)
  A dart slug (D:1)
  5 orcs
  7 ball pythons
  3 endoplasms
  3 giant cockroaches
  13 goblins
  8 hobgoblins
  6 jackals
  6 kobolds
  4 bats
  2 rats
73 creatures vanquished.

Notes
Turn   | Place    | Note
-------+----------+-------------------------------------------
     0 | D:1      | marcio the Minotaur Hunter began the quest for the Orb.
     0 | D:1      | Reached XP level 1. HP: 18/18 MP: 0/0
   159 | D:1      | Reached XP level 2. HP: 25/25 MP: 1/1
   380 | D:1      | Reached skill level 5 in Ranged Weapons
   519 | D:1      | Found a faded altar of an unknown god.
   771 | D:2      | Reached XP level 3. HP: 30/30 MP: 2/2
   882 | D:2      | Noticed Terence
   891 | D:2      | Killed Terence
   892 | D:2      | Reached skill level 1 in Armour
  1210 | D:2      | Reached XP level 4. HP: 3/38 MP: 3/3
  1663 | D:3      | Noticed Robin
  1686 | D:3      | Killed Robin
  1687 | D:3      | Reached skill level 6 in Ranged Weapons
  1687 | D:3      | Reached XP level 5. HP: 38/45 MP: 4/4
  2295 | D:3      | You fall into a shaft and drop 2 floors!
  2295 | D:5      | Entered Level 5 of the Dungeon
  2298 | D:5      | Got the Essays on Fog
  2377 | D:4      | Noticed a black bear
  3023 | D:4      | Found a transporter.
  3103 | D:4      | Reached XP level 6. HP: 46/52 MP: 5/5
  3121 | D:4      | Reached skill level 7 in Ranged Weapons
  3232 | D:4      | Identified the +0 ring mail "Kitadgho" {rF++ Str+3 Int+3
                  | Stlth-}
  3279 | D:4      | Quit the game

Illustrated notes

Levels and vault maps discovered:
D:1:      heliophobic_arrival_glass_houses, layout_basic,
          dilly_ecumenical_altar_fadedgnrine, minmay_tiny_reverse_x
D:2:      layout_basic, uniq_terence
D:3:      layout_basic, uniq_robin
D:4:      gammafunk_cloud_chamber, layout_basic
D:5:      layout_rooms

Skill      XL: |  1  2  3  4  5  6 |
---------------+-------------------+-----
Ranged Weapons | 5 6 7 |  7.4
Fighting       | 3 4 |  4.0
Armour         | 2 3 |  3.0
Dodging        | |  2.6
Stealth        | |  0.8

Action                     |  1- 3 |  4- 6 || total
---------------------------+-------+-------++-------
   Fire: Shortbow          |    70 |   164 ||   234
 Armour: Leather armour    |    10 |       ||    10
         Scale mail        |       |    60 ||    60
  Dodge: Dodged            |    12 |    66 ||    78
  Block: Other             |     7 |    33 ||    40
         Reflection        |     1 |       ||     1
